 Dungeon Crawl Stone Soup version 0.26-a0-682-g294304f6e8 (webtiles) character file.

Game seed: 11742077936115488441

35 Unamuzed the Sneak (level 3, -2/17 HPs)
             Began as a Felid Delver on Oct 21, 2020.
             Slain by an iguana (12 damage)
             ... on level 5 of the Dungeon.
             The game lasted 00:03:42 (596 turns).

Unamuzed the Sneak (Felid Delver)                    Turns: 596, Time: 00:03:43

Health: -2/17      AC:  1    Str:  8    XL:     3   Next: 16%
Magic:  4/4        EV: 18    Int: 11    God:
Gold:   0          SH:  0    Dex: 18    Spells: 2/2 levels left
                                        Lives:  0   Deaths: 0

rFire    . . .     SeeInvis +     - Unarmed
rCold    . . .     Faith    .   (shield unavailable)
rNeg     . . .     Spirit   .   (armour unavailable)
rPois    .         Reflect  .   (helmet unavailable)
rElec    .         Harm     .   (cloak unavailable)
rCorr    .         Rampage  .   (gloves unavailable)
MR       .....                  (boots unavailable)
Stlth    ++++......             (no amulet)
HPRegen  0.05/turn              (no ring)
MPRegen  0.09/turn              (no ring)

@: quick
A: very small, no armour, no weapons or thrown items, stealth, claws 1, fangs 3,
see invisible, speed 1, shaggy fur 1, sharp paws
a: no special abilities


You were on level 5 of the Dungeon.
You visited 1 branch of the dungeon, and saw 1 of its levels.

Inventory:

Wands
 e - a wand of digging (3)
Scrolls
 a - a scroll of fog
 b - a scroll of magic mapping
 c - a scroll of fear
 g - a scroll of random uselessness {unknown}
Potions
 d - a potion of haste
 f - a potion of curing {unknown}


   Skills:
 + Level 3.1 Fighting
 + Level 2.8 Dodging
 * Level 7.6 Stealth
 + Level 2.2 Unarmed Combat


You had 2 spell levels left.
You didn't know any spells.
Your spell library was empty.

Dungeon Overview and Level Annotations

Branches:
Dungeon (5/15)
 Temple: D:4-7

Altars:


Innate Abilities, Weirdness & Mutations

You cannot wear armour.
You are incapable of wielding weapons or throwing items.
Your paws allow you to move quietly. (Stealth)
You have sharp claws.
You have razor-sharp teeth.
You have supernaturally acute eyesight. (SInv)
You cover ground quickly.
You are covered in fur. (AC +1)
Your sharp claws are effective at attacking unaware monsters.


Message History

The iguana is heavily wounded.
The iguana misses you.
You scratch the iguana but do no damage.
Your bite misses the iguana.
The iguana is heavily wounded.
The iguana bites you!
You scratch the iguana but do no damage.
The iguana is heavily wounded.
The iguana completely misses you.
You completely miss the iguana. You bite the iguana, but do no damage.
The iguana is heavily wounded.
The iguana misses you.
You scratch the iguana but do no damage.
The iguana is heavily wounded.
The iguana barely misses you.
You barely miss the iguana.
The iguana is heavily wounded.
The iguana bites you!
Ouch! That really hurt!
You die...

.#.......########
.......... ..# .........
?.. #......## ###.#
+..S.... ....
..#......######.#
.....l...........
###############..######.#
........@lS...........#.#
###########....######.#.#
#.........#......>..#.#.#
#.####................#.#
#.######..##...########.#
#.##..รท......#..........#
#[##.#########.##########
#..............#
####.####################


You could see an iguana and an adder.

Vanquished Creatures
  A bullfrog skeleton (D:5)
  An adder skeleton (D:5)
  An orc (D:5)
  A frilled lizard (D:5)
4 creatures vanquished.

Notes
Turn   | Place    | Note
-------+----------+-------------------------------------------
     0 | D:5      | Unamuzed the Felid Delver began the quest for the Orb.
     0 | D:5      | Reached XP level 1. HP: 10/10 MP: 2/2
    38 | D:5      | Noticed an iguana
   228 | D:5      | Reached skill level 7 in Stealth
   228 | D:5      | Reached XP level 2. HP: 3/14 MP: 3/3
   228 | D:5      | Reached XP level 3. HP: 4/17 MP: 4/4
   510 | D:5      | Noticed a bullfrog
   596 | D:5      | Slain by an iguana

Illustrated notes

Levels and vault maps discovered:
D:5:      layout_basic, minmay_misc_feat_five, uniq_sigmund

Skill      XL: |  1 |
---------------+----+-----
Stealth        | 7 |  7.6
Fighting       | |  3.1
Dodging        | |  2.8
Unarmed Combat | |  2.2

Action                   || total
-------------------------++-------
Melee: Unarmed           ||    31
       Bite              ||     8
       Punch             ||     1
 Stab: Sleeping          ||     1
Dodge: Dodged            ||    26

Table legend: (Time is in decaauts)
 A = Elapsed time spent in this place.
 B = Non-inter-level travel time spent in this place.
 C = Inter-level travel time spent in this place.
 D = Time resting spent in this place.
 E = Time spent auto-exploring this place.
 F = Levels seen in this place.
 G = Mean time per level.
                   A        B        C        D        E       F      G
               +--------+--------+--------+--------+--------+-----+--------+
         Total |    532 |    532 |      0 |    249 |     86 |   1 |  532.0 |
       Dungeon |    532 |    532 |      0 |    249 |     86 |   1 |  532.0 |
               +--------+--------+--------+--------+--------+-----+--------+

Top non-repeatable levels by time:
     D:5: 532 daAuts
